 Dungeon Crawl Stone Soup version 0.18-a0-1718-g40ea4b6 (webtiles) character file.

378 M4edhros the Cutter (level 6, -2/39 HPs)
             Began as an Octopode Wanderer on Apr 8, 2016.
             Killed from afar by an orc wizard (5 damage)
             ... with a magic dart
             ... on level 4 of the Dungeon.
             The game lasted 00:06:43 (2869 turns).

M4edhros the Cutter (Octopode Wanderer)             Turns: 2869, Time: 00:06:44

Health: -2/39      AC:  3    Str: 14    XL:     6   Next: 74%
Magic:  6/6        EV:  8    Int: 14    God:
Gold:   154        SH: 14    Dex: 11    Spells: 0 memorised, 5 levels left

rFire  + . .     SeeInvis .     w - +1 dagger (elec)
rCold  + . .     Gourm    .     q - +2 large shield
rNeg   . . .     Faith    .     (helmet restricted)
rPois  +         Spirit   .     (no amulet)
rElec  +         Dismiss  .     g - ring of poison resistance
rCorr  +         Reflect  .     x - +2 ring of protection
SustAt .         Harm     .     (no ring)
MR     .....                    (no ring)
Stlth  ++........               (no ring)
                                (no ring)
                                (no ring)
                                (no ring)

@: resistant, very slightly contaminated, not resistant to hostile enchantments,
unstealthy
A: almost no armour, amphibious, 8 rings, constrict 8, camouflage 1, gelatinous
body 1
a: no special abilities


You were on level 4 of the Dungeon.
You were hungry.

You visited 1 branch of the dungeon, and saw 4 of its levels.

You collected 154 gold pieces.

Inventory:

Hand Weapons
 a - a +2 hand crossbow
 c - a +0 shortbow
 i - a +0 hunting sling
 u - a +2 short sword of speed
 w - a +1 dagger of electrocution (weapon)
Missiles
 b - 69 bolts
 d - 58 arrows
 l - 78 stones
 y - 12 sling bullets
 A - 4 javelins (quivered)
Armour
 q - a +2 large shield (worn)
Jewellery
 g - a ring of poison resistance (left tentacle)
 x - a +2 ring of protection (right tentacle)
 B - an uncursed ring of positive energy {unknown}
Scrolls
 h - a scroll of random uselessness {unknown}
 j - a scroll of enchant weapon {unknown}
 m - 2 scrolls of remove curse {unknown}
 p - a scroll of recharging {unknown}
 r - a scroll of immolation {unknown}
 z - a scroll of amnesia {unknown}
 D - a scroll of enchant armour {unknown}
 E - a scroll of fog {unknown}
 F - a scroll of identify {unknown}
 G - a scroll of fear {unknown}
 H - 2 scrolls of noise {unknown}
Potions
 o - 2 potions of degeneration
 C - a potion of brilliance
Comestibles
 f - 5 bread rations
 s - a meat ration
 t - 4 fruits
 v - a slice of pizza


   Skills:
 - Level 2.0 Fighting
 * Level 4.6 Short Blades
   Level 3.0 Axes
 - Level 3.0 Crossbows
 - Level 2.6 Dodging
 + Level 3.5 Shields
   Level 1.1 Evocations


You had 5 spell levels left.
You didn't know any spells.

Dungeon Overview and Level Annotations

Branches:
Dungeon (4/15)
 Temple: D:4-7

Altars:
Nemelex Xobeh
Okawaru
Pakellas
Qazlal


Innate Abilities, Weirdness & Mutations

You cannot wear most types of armour.
You are amphibious.
You can wear up to eight rings at the same time.
You can use your tentacles to constrict eight enemies at once.
Your skin changes colour to match your surroundings (Stealth).
Your rubbery body absorbs attacks (AC +1).


Message History

Press: ? - help, Shift-Dir - straight line, f - ogre
Aim: an ogre, wielding a giant spiked club (hasn't noticed you)
You throw a javelin.
The javelin closely misses the orc wizard.
The ogre shouts!
The javelin hits the ogre!
The ogre is moderately wounded.
You flicker back into view.
The orc wizard points at you and mumbles some strange words.
The magic dart hits you!
* * * LOW HITPOINT WARNING * * *
Read which item? (? for menu, Esc to quit)
Okay, then.
You closely miss the orc wizard. You grab the orc wizard.
You squeeze the orc wizard, but do no damage.
The orc wizard is severely wounded.
You constrict the orc wizard. The orc wizard casts a spell at you.
The magic dart hits you!
You die...

#......[).....................
...#..###.#########............
#$ #..# ##........... #. ##.#
##.....#.... # ###(###
########### #...O.# #..##.###
....# #.o.# #...# ###@# .....
#..$..# ..## ...##.# .# ###..
#.. $.. ####


You could see an ogre and an orc wizard.

Vanquished Creatures
  A howler monkey (D:4)
  2 orc priests (D:3)
  An iguana (D:4)
  3 worker ants
  3 gnolls (D:3)
  5 adders
  2 oozes
  2 worms (D:3)
  4 dart slugs
  4 giant geckos
  10 orcs
  3 giant cockroaches (D:2)
  7 goblins
  4 hobgoblins
  2 jackals (D:1)
  2 ball pythons (D:3)
  12 bats
  5 giant newts
  9 kobolds
  4 rats
85 creatures vanquished.

Notes
Turn   | Place    | Note
--------------------------------------------------------------
     0 | D:1      | M4edhros the Octopode Wanderer began the quest for the Orb.
     0 | D:1      | M4edhros set off with: a +2 hand crossbow, 27 bolts, a +0 shortbow, 29 arrows, a potion of curing, a bread ration
     0 | D:1      | Reached XP level 1. HP: 14/14 MP: 1/1
    70 | D:1      | Reached skill level 1 in Dodging
   168 | D:1      | Reached XP level 2. HP: 16/19 MP: 2/2
   621 | D:2      | Found an oddly glowing altar of Pakellas.
   817 | D:2      | Reached XP level 3. HP: 24/24 MP: 3/3
  1157 | D:2      | Found a sparkling altar of Nemelex Xobeh.
  1264 | D:2      | Found an iron altar of Okawaru.
  1264 | D:2      | Found a stormy altar of Qazlal.
  1572 | D:2      | Reached skill level 1 in Short Blades
  1572 | D:2      | Reached XP level 4. HP: 25/29 MP: 4/4
  1722 | D:3      | Reached skill level 2 in Short Blades
  1969 | D:3      | Reached XP level 5. HP: 34/34 MP: 5/5
  2071 | D:3      | Reached skill level 3 in Short Blades
  2494 | D:3      | Reached XP level 6. HP: 39/39 MP: 6/6
  2705 | D:3      | Reached skill level 4 in Short Blades
  2869 | D:4      | Killed from afar by an orc wizard

Vault maps used:
D:1:      dpeg_arrival_long_road
D:2:      grunt_pakellas_salt, gammafunk_temple_overflow_elements, nemelex_deck,
          serial_co_window_serial, co_window_paths_a, co_window_paths_b,
          co_window_paths_a, co_window_of_opportunity_a, co_window_paths_a,
          co_window_paths_b, co_window_of_opportunity_a, co_window_2corner,
          co_window_broadway_c, co_window_broadway_a, co_window_broadway_a,
          co_window_corner_b, glass_columns_a, glass_columns_a, glass_columns_b,
          minmay_statues_item
D:3:      first_bread, minmay_close_crescents

Skill      XL: |  1  2  3  4  5  6 |
---------------+-------------------+-----
Dodging        | 1 2 |  2.6
Short Blades   | 1 2 3 4 |  4.6
Shields        | 2 3 |  3.5
Fighting       | |  2.0
Axes           | |  3.0
Crossbows      | |  3.0
Evocations     | |  1.1

Action                   |  1- 3 |  4- 6 || total
-------------------------+-------+-------++-------
Melee: Dagger            |    14 |   137 ||   151
       Short sword       |     6 |       ||     6
 Fire: Hand crossbow     |    61 |     1 ||    62
Throw: Javelin           |       |     1 ||     1
  Use: Potion            |       |    11 ||    11
 Stab: Sleeping          |     2 |     1 ||     3
       Distracted        |       |     1 ||     1
       Invisible         |       |     2 ||     2
  Eat: Chunk             |     1 |     5 ||     6
